 Dungeon Crawl Stone Soup version 0.30.0-5-g1a98f26d00 (webtiles) character file.

Game seed: 3501311173704840267

289 Farfigtubin the Chiller (level 6, -9/41 HPs)
             Began as a Merfolk Ice Elementalist on May 9, 2023.
             Was an Initiate of Vehumet.
             Shot with an arrow by a centaur (10 damage)
             ... on level 5 of the Dungeon.
             The game lasted 00:23:08 (2480 turns).

Farfigtubin the Chiller (Merfolk Ice Elementalist)  Turns: 2480, Time: 00:23:08

Health: -9/41      AC:  3    Str:  9    XL:     6   Next: 31%
Magic:  1/11       EV: 12    Int: 16    God:    Vehumet [......]
Gold:   150        SH:  0    Dex: 14    Spells: 8/12 levels left

rFire   . . .        k - +1 short sword (venom)
rCold   . . .        (no shield)
rNeg    . . .        a - +0 robe
rPois   .            i - +0 helmet
rElec   .            (no cloak)
rCorr   .            (no gloves)
SInv    .            (no boots)
Will    .....        (no amulet)
Stlth   ++           (no ring)
HPRegen 0.26/turn    (no ring)
MPRegen 0.12/turn

%: no passive effects
@: no status effects
A: (nimble swimmer 2), mertail
a: Renounce Religion


You were on level 5 of the Dungeon.
You worshipped Vehumet.
Vehumet was noncommittal.
You visited 1 branch of the dungeon, and saw 5 of its levels.

You collected 150 gold pieces.

Inventory:

Hand Weapons
 k - a +1 short sword of venom (weapon)
 t - a +0 falchion
Missiles
 f - a throwing net
 g - 56 stones
 s - 4 boomerangs
Armour
 a - a +0 robe (worn)
 i - a +0 helmet (worn)
 v - a +0 buckler
Wands
 y - a wand of paralysis (8)
Scrolls
 c - a scroll of teleportation {unknown}
 j - 2 scrolls of enchant weapon {unknown}
 l - 3 scrolls of fear
 o - a scroll of identify
 p - 2 scrolls of blinking {unknown}
 r - 2 scrolls of poison {unknown}
 u - a scroll of fog {unknown}
 w - a scroll of amnesia {unknown}
 A - a scroll of torment {unknown}
 B - a scroll of vulnerability {unknown}
Potions
 b - a potion of magic
 d - a potion of curing {unknown}
 e - a potion of might {unknown}
 h - a potion of ambrosia {unknown}
 m - 2 potions of lignification
 n - a potion of brilliance {unknown}
 q - a potion of attraction {unknown}
 x - a potion of invisibility
 z - a potion of flight {unknown}


   Skills:
 - Level 2.6 Dodging
 - Level 3.0 Stealth
 + Level 3.6 Spellcasting
 * Level 6.9 Ice Magic


You had 8 spell levels left.
You knew the following spells:

 Your Spells              Type           Power      Damage    Failure   Level
a - Freeze                Ice            100%       1d10      1%          1
b - Frozen Ramparts       Ice            50%        1d8       3%          3

Your spell library contained the following spells:

 Spells                   Type           Power      Damage    Failure   Level
 Ozocubu's Armour         Ice            25%        N/A       3%          3
 Summon Ice Beast         Ice/Summ       14%        N/A       38%         4


Dungeon Overview and Level Annotations

Branches:
Dungeon (5/15)
 Temple: D:4-7

Altars:
Vehumet

Annotations:
D:4 Grinder


Innate Abilities, Weirdness & Mutations

((You are very nimble when in or above water. (Stealth+, EV+, Speed+++)))
Your lower body shifts to a powerful aquatic tail in water.


Message History

The wall freezes the white imp but does no damage.
The white imp hits you. The white imp freezes you.
You hit the white imp.
The white imp is lightly wounded.
The white imp completely resists.
The wall freezes the white imp but does no damage.
The white imp completely misses you.
You closely miss the white imp.
The white imp is lightly wounded.
The frozen ramparts melt away.
The white imp closely misses you.
You hit the white imp.
The white imp is moderately wounded.
The white imp puffs mist at you. The white imp hits you.
The white imp freezes you.
You hit the white imp but do no damage.
The white imp is moderately wounded.
The white imp shouts, "Capitulate, thou gorbellied tip-merry dingleberry!"
The white imp gestures at you. The puff of frost hits you.
You hit the white imp.
The white imp is moderately wounded.
The white imp hits you but does no damage.
You hit the white imp but do no damage.
The white imp is moderately wounded.
A centaur comes into view.
The white imp hits you. The white imp freezes you.
The white imp attacks as you move away! The white imp hits you.
The white imp freezes you. The white imp attacks as you move away!
The white imp hits you. The white imp freezes you.
* * * LOW HITPOINT WARNING * * *
The white imp attacks as you move away! The white imp closely misses you.
The white imp gestures at you. The puff of frost hits you!
* * * LOW HITPOINT WARNING * * *
There is a stone staircase leading up here.
The centaur shouts!
The centaur wields a +0 shortbow.
The centaur shoots an arrow.
The arrow hits you!
You die...

.P..PP..#.#### +######
.P....P......# ........
PP.8.PP.####.# .......#
.P.........#.# ......
..P.....##.#.###.#.######
..P.P........)......>....
#..........#.##5.........
##......####.##.......#
#....).....o##.@.....#
###.#.#...............#
....#.######..........#
#.$....# #.....c....#
#......# #.........##
#......# #....####.#
..?.#.## ##...# .#
....5... ..... .
.##...### ###.. ..


You could see a centaur and a white imp.

Vanquished Creatures
  An orc priest (D:5)
  An iguana (D:4)
  Natasha (thrice) (D:3)
  An orc wizard (D:5)
  Terence (D:3)
  6 adders
  A worm (D:3)
  4 dart slugs
  3 orcs
  3 endoplasms (D:1)
  A giant cockroach (D:1)
  6 hobgoblins
  4 kobolds
  A quokka (D:1)
  3 ball pythons
  6 bats
  3 frilled lizards
  4 goblins
  5 rats
57 creatures vanquished.

Notes
Turn   | Place    | Note
-------+----------+-------------------------------------------
     0 | D:1      | Farfigtubin the Merfolk Ice Elementalist began the quest
                  | for the Orb.
     0 | D:1      | Reached XP level 1. HP: 13/13 MP: 3/3
   346 | D:1      | Reached XP level 2. HP: 17/19 MP: 0/5
   584 | D:1      | Found a faded altar of an unknown god.
   921 | D:2      | Reached skill level 5 in Ice Magic
   921 | D:2      | Reached XP level 3. HP: 21/24 MP: 3/6
  1395 | D:3      | Reached XP level 4. HP: 30/30 MP: 2/7
  1524 | D:3      | Noticed Natasha
  1531 | D:3      | Killed Natasha
  1536 | D:3      | Learned a level 3 spell: Frozen Ramparts
  1816 | D:3      | Found a radiant altar of Vehumet.
  1834 | D:3      | Became a worshipper of Vehumet
  1844 | D:3      | Reached XP level 5. HP: 35/35 MP: 6/9
  1871 | D:3      | Noticed Terence
  1875 | D:3      | Killed Terence
  1876 | D:3      | Reached skill level 6 in Ice Magic
  1933 | D:3      | Noticed Natasha
  1992 | D:3      | Killed Natasha
  2150 | D:3      | Noticed Natasha
  2164 | D:3      | Killed Natasha
  2322 | D:4      | Noticed Grinder
  2347 | D:4      | Reached XP level 6. HP: 41/41 MP: 4/11
  2351 | D:5      | Entered Level 5 of the Dungeon
  2479 | D:5      | HP: 1/41 [white imp/puff of frost (9)]
  2480 | D:5      | Shot with an arrow by a centaur

Illustrated notes

Levels and vault maps discovered:
D:1:      co_arrival_square_in_a_square_in_a_square, layout_loops_ring,
          hellmonk_ecumenical_altar_blasted, minivault_27,
          minmay_misc_feat_plants
D:2:      layout_basic
D:3:      layout_basic, old_standard_altar, small_statue_intersection,
          kennysheep_generic_room_14, uniq_natasha, uniq_terence
D:4:      layout_rooms, general_overflow_altar,
          minmay_temple_entry_proselytizer, uniq_grinder
D:5:      layout_basic, dreamdust_mushroom_princess, uniq_prince_ribbit1

Skill      XL: |  1  2  3  4  5 |
---------------+----------------+-----
Ice Magic      | 5 6 |  6.9
Stealth        | 3 |  3.0
Spellcasting   | 3 |  3.6
Dodging        | |  2.6

Action                     |  1- 3 |  4- 6 || total
---------------------------+-------+-------++-------
  Melee: Short sword       |    16 |    17 ||    33
         Punch             |       |     1 ||     1
  Throw: Boomerang         |       |     2 ||     2
         Throwing net      |       |     1 ||     1
   Cast: Freeze            |    40 |    38 ||    78
         Frozen Ramparts   |       |     7 ||     7
    Use: Scroll            |       |     2 ||     2
   Stab: Sleeping          |     6 |     2 ||     8
         Distracted        |     1 |       ||     1
 Armour: Robe              |    11 |    10 ||    21
  Dodge: Dodged            |    18 |    21 ||    39
